General information
- name: BNet
- type: Ladder 1vs1/FFA
- host: Battle.net
- saver: Amshel
map: MeltingValley
- players: 2
- length: 28:44
- speed: Fast
- version: 1.24 W3XP
- replay type: Public
» download(67 KB)
Players
team 1 (winner)
Amshel (
orange | 40 APM | 1148 actions | 28:44)
4 Archmage
2 Blizzard
2 Brilliance Aura
4 Mountain King
2 Thunder Clap
2 Bash
» actions
| Assign group hotkey | 38 | |
| Basic commands | 73 | |
| Build / train | 71 | |
| Enter build submenu | 17 | |
| Enter hero's abilities submenu | 8 | |
| Right click | 453 | |
| Select / deselect | 229 | |
| Select group hotkey | 178 | |
| Use ability | 81 | |
1148 total
» units
| Peasant | 14 | |
| Footman | 21 | |
| Rifleman | 4 | |
| Dragonhawk Rider | 4 | |
| Gryphon Rider | 4 | |
47 total
» upgrades
| Swords | 2 | |
| Plating | 1 | |
| Gunpowder | 1 | |
| Armor | 1 | |
| Storm Hammers | 1 | |
| Lumber Harvesting | 1 | |
| Cloud | 1 | |
8 total
» buildings
| Altar of Kings | 1 | |
| Farm | 7 | |
| Barracks | 2 | |
| Lumber Mill | 2 | |
| Blacksmith | 1 | |
| Keep | 1 | |
| Arcane Vault | 1 | |
| Gryphon Aviary | 1 | |
| Castle | 1 | |
| Town Hall | 2 | |
19 total
» build order
00:06 Altar of Kings
00:56 Farm
01:31 Farm
01:45 Barracks
02:48 Farm
02:49 Farm
02:51 Farm
03:10 Lumber Mill
03:16 Blacksmith
04:34 Barracks
06:07 Keep
06:44 Arcane Vault
11:54 Gryphon Aviary
12:01 Castle
12:46 Farm
12:51 Farm
15:10 Lumber Mill
21:32 Town Hall
27:06 Town Hall
» items
| Potion of Healing | 1 | |
| Scroll of Regeneration | 1 | |
| Scroll of Town Portal | 1 | |
3 total
team 2 (loser)
fuds (
blue | 33 APM | 933 actions | 28:38)
6 Paladin
3 Holy Light
2 Divine Shield
1 Devotion Aura
2 Mountain King
1 Storm Bolt
1 Thunder Clap
» actions
| Build / train | 76 | |
| Enter build submenu | 21 | |
| Enter hero's abilities submenu | 8 | |
| Give item / drop item | 1 | |
| Remove unit from queue | 3 | |
| Right click | 376 | |
| Select / deselect | 347 | |
| Use ability | 100 | |
933 total
» units
» upgrades
» buildings
| Altar of Kings | 1 | |
| Barracks | 2 | |
| Farm | 7 | |
| Lumber Mill | 1 | |
| Arcane Vault | 1 | |
| Scout Tower | 5 | |
| Guard Tower | 3 | |
| Keep | 1 | |
| Arcane Sanctum | 1 | |
| Blacksmith | 1 | |
23 total
» build order
00:06 Altar of Kings
00:09 Barracks
00:16 Farm
00:54 Farm
02:05 Barracks
02:52 Farm
03:24 Farm
03:37 Farm
04:21 Farm
04:28 Lumber Mill
06:05 Arcane Vault
06:08 Scout Tower
06:11 Scout Tower
06:17 Scout Tower
06:21 Scout Tower
06:50 Guard Tower
06:53 Guard Tower
07:23 Keep
07:33 Scout Tower
12:30 Guard Tower
13:36 Farm
14:52 Arcane Sanctum
19:32 Blacksmith
» items
| Scroll of Regeneration | 2 | |
| Lesser Clarity Potion | 1 | |
| Potion of Healing | 2 | |
| Potion of Mana | 1 | |
6 total
Chat log
(00:18 / All) fuds: hey
(00:23 / All) Amshel: hi
(00:39 / All) fuds: how ya goin man
(00:44 / All) Amshel: good
(25:01 / All) fuds: you cant win
(25:04 / All) Amshel: yes I can
(25:12 / All) fuds: hahahaah nope
(28:37 / All) Amshel: gg